 Dungeon Crawl Stone Soup version 0.31-a0-431-g88bdf31460 (webtiles) character file.

Game seed: 3761153489307652560

5559 Midn8 the Carver (level 9, -4/81 HPs)
             Began as a Purple Draconian Delver on Aug 1, 2023.
             Was a Follower of Ru.
             Killed from afar by a gargoyle (26 damage)
             ... with a stone arrow
             ... on level 10 of the Dungeon.
             The game lasted 00:23:05 (10199 turns).

Midn8 the Carver (Purple Draconian Delver)         Turns: 10199, Time: 00:23:07

Health: -4/81      AC: 10    Str: 14    XL:     9   Next: 44%
Magic:  9/9        EV: 13    Int: 12    God:    Ru [*.....]
Gold:   462        SH:  0    Dex: 16    Spells: 8/8 levels left

rFire   . . .        r - +2 great sword
rCold   . . .        (shield currently unavailable)
rNeg    . . .        (body armour unavailable)
rPois   .            s - +0 hat
rElec   .            m - +0 cloak
rCorr   .            O - +0 pair of gloves
SInv    .            q - +0 pair of boots
Will    +....        (no amulet)
Stlth   +++          (no ring)
HPRegen 0.33/turn    (no ring)
MPRegen 0.11/turn

%: no passive effects
@: no status effects
A: breathe power, AC +7, unfitting armour, cold-blooded, inexperienced 1
a: Breathe Dispelling Energy, Renounce Religion


You were on level 10 of the Dungeon.
You worshipped Ru.
Ru was aware of your devotion.
You visited 3 branches of the dungeon, and saw 12 of its levels.

You collected 462 gold pieces.

Inventory:

Hand Weapons
 a - a +1 falchion
 r - a +2 great sword (weapon)
 t - a +0 sling
 Q - a +0 hand axe of flaming
Missiles
 h - 44 poisoned darts (quivered)
 i - 4 boomerangs
 E - a throwing net
Armour
 m - a +0 cloak (worn)
 q - a +0 pair of boots (worn)
 s - a +0 hat (worn)
 O - a +0 pair of gloves (worn)
Talismans
 y - a maw talisman
 B - a beast talisman
Wands
 f - a wand of digging (3)
 A - a wand of iceblast (4)
 I - a wand of flame (63)
 J - a wand of polymorph (12)
Scrolls
 b - a scroll of fog
 c - 4 scrolls of revelation
 d - 2 scrolls of fear
 k - a scroll of summoning {unknown}
 l - 3 scrolls of amnesia
 n - a scroll of silence
 u - 4 scrolls of enchant weapon
 v - a scroll of brand weapon {unknown}
 z - 3 scrolls of blinking
 G - 2 scrolls of teleportation
 K - 2 scrolls of poison
 L - a scroll of torment {unknown}
 N - 2 scrolls of identify
 P - a scroll of enchant armour {unknown}
 R - a scroll of noise {unknown}
Potions
 e - 3 potions of haste
 g - a potion of lignification
 j - a potion of might
 o - 3 potions of resistance
 p - 6 potions of curing
 w - a potion of invisibility {unknown}
 x - 4 potions of attraction {unknown}
 C - 2 potions of mutation
 D - 2 potions of brilliance {unknown}
 F - 2 potions of enlightenment {unknown}
 H - a potion of degeneration {unknown}
 M - a potion of berserk rage


   Skills:
 - Level 8.0 Fighting
 + Level 13.6 Long Blades
 - Level 4.0 Dodging
 - Level 4.5 Stealth


You had 8 spell levels left.
You didn't know any spells.
Your spell library contained the following spells:

 Spells                   Type           Power      Damage    Failure   Level
 Necrotise                Necr           0%         1d4       32%         1
 Shock                    Conj/Air       0%         1d3       32%         1
 Swiftness                Air            0%         N/A       69%         3
 Vampiric Draining        Necr           0%         2d6       69%         3
 Volatile Blastmotes      Fire/Tloc      0%         2d10      69%         3
 Airstrike                Air            0%         2d(0-16)  97%         4
 Fulminant Prism          Conj/Hex       0%         3d5       97%         4
 Iskenderun's Mystic Bla  Conj/Tloc      0%         2d3       97%         4
 Agony                    Necr           0%         N/A       100%        5


Dungeon Overview and Level Annotations

Branches:
Dungeon (10/15)            Temple (1/1) D:7            Lair (1/5) D:8
    Orc: D:9-12

Altars:
Ashenzari
Cheibriados
Dithmenos
Elyvilon
Fedhas
Gozag
Hepliaklqana
Kikubaaqudgha
Makhleb
Nemelex Xobeh
Okawaru
Qazlal
Ru
Sif Muna
Trog
Uskayaw
Vehumet
Wu Jian
Xom
Yredelemnul
Zin
The Shining One

Shops:
D:10 *

Annotations:
D:3 1 exclusion, Sigmund
D:4 exclusion: black bear
D:7 exclusions: electric eel, orc and steam dragon, Maggie
D:10 exclusion: two-headed ogre


Innate Abilities, Weirdness & Mutations

You can breathe bolts of dispelling energy.
Your rich purple scales are hard. (AC +7)
You cannot fit into any form of body armour.
You are cold-blooded and may be slowed by cold attacks.
You are somewhat inexperienced. (-1 XL)


Message History

No target in view!
Things that are here:
a +0 orcbow; a centaur corpse
There is an open door here.
Found Iptaidyd's Mail-Order Catalogue.
There is an entrance to Iptaidyd's Mail-Order Catalogue here.
There is an open door here.
There is an open door here.
A gargoyle comes into view.
It is wielding a +2 flail of protection.
A vampire comes into view.
The gargoyle hits you with a +2 flail of protection!
You slash the gargoyle!
The gargoyle is heavily damaged.
The vampire mumbles some strange words.
The vampire flickers and vanishes!
Deactivating autopickup; reactivate with Ctrl-A.
The gargoyle hits you with a +2 flail of protection!
You slash the gargoyle!
You tail-slap the gargoyle, but do no damage.
The gargoyle is almost destroyed.
The gargoyle hits you with a +2 flail of protection!
You hit the gargoyle but do no damage.
The gargoyle is almost destroyed.
The gargoyle hurls a stone arrow at you.
The stone arrow hits you!
The gargoyle hurls a stone arrow at you.
The stone arrow misses you.
You hit the gargoyle but do no damage.
The gargoyle is almost destroyed.
The gargoyle hurls a stone arrow at you.
The stone arrow hits you!
* * * LOW HITPOINT WARNING * * *
You barely miss the gargoyle.
The gargoyle is almost destroyed.
Something hits you but does no damage. Something bites you.
* * * LOW HITPOINT WARNING * * *
Something draws strength from your injuries!
The gargoyle hurls a stone arrow at you.
The stone arrow hits you!!
You die...

#'##......#.....#.#'######.......
..........#.....#................
..........#.....#.............###
..........#.....#....##########
#####.....#....##....#
#.....##...#.....#
#......#...#.....#
#......#...#.....#
#.....##)..#@....#
#.....'....#9....#
#.....#<...#.....#
#.....#....#.....#
#.....#....#.......
#......+....#........
#......##+###........ #.......
......... #......


You could see a gargoyle.

Vanquished Creatures
  A two-headed ogre (D:9)
  A cane toad (Lair:1)
  Psyche (D:9)
  2 trolls
  A shadow (D:9)
  3 water moccasins
  3 orc warriors
  A black bear (D:6)
  2 ogres
  2 sky beasts (D:7)
  2 wolves (D:8)
  5 centaurs
  A phantom (D:4)
  3 kobold brigands
  4 bullfrogs
  2 scorpions (D:6)
  4 wights
  2 howler monkeys
  4 electric eels (D:8)
  A jelly (D:5)
  A gnoll bouda (D:5)
  5 orc priests
  9 hounds
  Ijyb (D:4)
  4 iguanas
  10 orc wizards
  Robin (D:2)
  3 gnolls (D:5)
  6 adders
  A shadow imp (D:6)
  A white imp (D:7)
  3 ufetubi (D:5)
  3 worms
  2 dart slugs
  37 orcs
  3 ball pythons
  3 endoplasms
  11 giant cockroaches
  10 goblins
  9 hobgoblins
  3 quokkas
  2 bats (D:3)
  5 frilled lizards
  18 kobolds
  7 rats
203 creatures vanquished.

Notes
Turn   | Place    | Note
-------+----------+-------------------------------------------
     0 | D:5      | Midn8 the Draconian Delver began the quest for the Orb.
     0 | D:5      | Reached XP level 1. HP: 19/19 MP: 1/1
    33 | D:5      | Reached XP level 2. HP: 20/26 MP: 2/2
   274 | D:3      | Reached skill level 3 in Long Blades
  1234 | D:2      | Reached XP level 3. HP: 31/31 MP: 3/3
  1302 | D:2      | Noticed Robin
  1328 | D:2      | Killed Robin
  1334 | D:2      | Reached skill level 4 in Long Blades
  1538 | D:2      | Reached XP level 4. HP: 38/38 MP: 4/4
  2219 | D:3      | Noticed Sigmund
  2377 | D:3      | Found a glowing golden altar of the Shining One.
  2869 | D:4      | Noticed Ijyb
  2879 | D:4      | Killed Ijyb
  2880 | D:4      | Reached skill level 5 in Long Blades
  2970 | D:4      | Reached XP level 5. HP: 44/45 MP: 5/5
  3083 | D:4      | Noticed a phantom
  3301 | D:4      | Killed a phantom
  3302 | D:4      | Reached skill level 6 in Long Blades
  3505 | D:4      | Noticed a black bear
  3692 | D:5      | Reached XP level 6. HP: 42/52 MP: 6/6
  4549 | D:5      | Your scales start taking on a rich purple colour.
  4549 | D:5      | Reached XP level 7. HP: 31/59 MP: 7/7
  5165 | D:6      | Reached skill level 7 in Long Blades
  5607 | D:6      | Reached skill level 8 in Long Blades
  5739 | D:7      | Noticed a steam dragon
  5759 | D:7      | Reached XP level 8. HP: 67/67 MP: 8/8
  5770 | D:7      | Reached skill level 5 in Fighting
  6185 | D:7      | Reached skill level 9 in Long Blades
  6280 | D:7      | Found a staircase to the Ecumenical Temple.
  6289 | Temple   | Entered the Ecumenical Temple
  6317 | Temple   | Became a worshipper of Ru the Awakened
  6689 | D:7      | Noticed Maggie
  6970 | D:7      | Reached skill level 10 in Long Blades
  7192 | D:7      | Reached XP level 9. HP: 66/78 MP: 9/9
  8050 | D:8      | Noticed a troll
  8087 | D:8      | Killed a troll
  8112 | D:8      | Found a staircase to the Lair.
  8119 | D:8      | Reached skill level 11 in Long Blades
  8491 | D:8      | Gained mutation: You are somewhat inexperienced. (-1 XL)
                  | [Ru sacrifice]
  8491 | D:8      | Reached XP level 8. HP: 74/74 MP: 8/8
  8491 | D:8      | Reached * piety under Ru
  8535 | Lair:1   | Entered Level 1 of the Lair of Beasts
  8632 | Lair:1   | Noticed a cane toad
  8648 | Lair:1   | Killed a cane toad
  8649 | Lair:1   | Reached skill level 12 in Long Blades
  8704 | D:9      | Noticed a troll
  8712 | D:9      | Killed a troll
  8713 | D:9      | Reached XP level 9. HP: 42/81 MP: 9/9
  9082 | D:9      | Found Xoroj's Antique Weapon Emporium.
  9200 | D:9      | Noticed Psyche
  9212 | D:9      | Killed Psyche
  9327 | D:9      | Noticed a two-headed ogre
  9346 | D:9      | Killed a two-headed ogre
  9347 | D:9      | Reached skill level 13 in Long Blades
  9900 | D:10     | Entered Level 10 of the Dungeon
  9927 | D:10     | Noticed a two-headed ogre
 10159 | D:10     | Found Iptaidyd's Mail-Order Catalogue.
 10189 | D:10     | Noticed a gargoyle
 10199 | D:10     | Killed from afar by a gargoyle

Illustrated notes

Levels and vault maps discovered:
D:1:      pf_arrival_petrified_forest, layout_basic
D:2:      minmay_roachtagon, layout_loops_cross, uniq_robin
D:3:      layout_loops_cross, tso_metal_star, uniq_sigmund
D:4:      layout_basic, uniq_ijyb
D:5:      layout_loops_ring, serial_park_tiny_2, feat_on_display
D:6:      layout_basic, minmay_misc_feat_enclosed
D:7:      wad_pebble_path, layout_rooms, minmay_temple_entry_antechambers,
          nicolae_water_bricks, minmay_fractal_squares_5, uniq_maggie
D:8:      layout_rooms, erik_lair_island
D:9:      layout_basic, serial_shops, shop, uniq_psyche
D:10:     layout_irregular_city, monkooky_shop_mail_order
Temple:   compressed_dpeg_triangle_lava_temple
Lair:1:   layout_hall_layers, nicolae_lair_lindhole, grunt_megastairs_3

Skill      XL: |  1  2  3  4  5  6  7  8  9 |
---------------+----------------------------+-----
Long Blades    | 3 4 5 6 8 12 13 | 13.6
Fighting       | 4 6 8 |  8.0
Dodging        | 4 |  4.0
Stealth        | |  4.5

Action                     |  1- 3 |  4- 6 |  7- 9 || total
---------------------------+-------+-------+-------++-------
  Melee: Falchion          |   148 |   207 |   180 ||   535
         Tailslap          |    23 |    24 |    56 ||   103
         Punch             |     2 |     3 |       ||     5
         Great sword       |       |       |   233 ||   233
  Throw: Dart              |     1 |     6 |    11 ||    18
 Invoke: Sacrifice Experie |       |       |     1 ||     1
Ability: Breathe Dispellin |       |       |    14 ||    14
  Evoke: Wand              |       |       |    12 ||    12
    Use: Scroll            |       |     7 |     6 ||    13
         Potion            |       |       |     4 ||     4
   Stab: Sleeping          |     8 |    10 |     3 ||    21
         Distracted        |       |     1 |     1 ||     2
 Armour: Skin              |    39 |    54 |   149 ||   242
  Dodge: Dodged            |    85 |    83 |   260 ||   428

Table legend: (Time is in decaauts)
 A = Elapsed time spent in this place.
 B = Non-inter-level travel time spent in this place.
 C = Inter-level travel time spent in this place.
 D = Time resting spent in this place.
 E = Time spent auto-exploring this place.
 F = Levels seen in this place.
 G = Mean time per level.
                   A        B        C        D        E       F      G
               +--------+--------+--------+--------+--------+-----+--------+
         Total |  10256 |   9607 |    649 |   2304 |   5051 |  12 |  854.7 |
       Dungeon |  10072 |   9444 |    628 |   2304 |   4981 |  10 | 1007.2 |
        Temple |     46 |     46 |      0 |      0 |      0 |   1 |   46.0 |
          Lair |    137 |    116 |     21 |      0 |     70 |   1 |  137.0 |
               +--------+--------+--------+--------+--------+-----+--------+

Top non-repeatable levels by time:
     D:7: 1570 daAuts
     D:5: 1428 daAuts
     D:6: 1160 daAuts
     D:9: 1062 daAuts
     D:8: 979 daAuts
     D:3: 959 daAuts
     D:2: 938 daAuts
     D:1: 836 daAuts
     D:4: 835 daAuts
    D:10: 299 daAuts
  Lair:1: 137 daAuts
  Temple: 46 daAuts
